 Dungeon Crawl Stone Soup version 0.21.1-1-g345015f (webtiles) character file.

49 Iko the Firebug (level 3, -5/31 HPs)
             Began as a Troll Fire Elementalist on June 9, 2018.
             Slain by a goblin
             ... wielding a cursed -2 dagger
             ... led by Robin
              (8 damage)
             ... on level 3 of the Dungeon.
             The game lasted 00:06:23 (543 turns).

Iko the Firebug (Troll Fire Elementalist)            Turns: 543, Time: 00:06:25

Health: -5/31      AC:  5    Str: 16    XL:     3   Next: 53%
Magic:  1/3        EV: 10    Int: 11    God:
Gold:   82         SH:  0    Dex: 11    Spells: 1/4 levels left

rFire    . . .     SeeInvis .   d - +0 long sword
rCold    . . .     Gourm    +   (no shield)
rNeg     . . .     Faith    .   a - +0 robe
rPois    .         Spirit   .   (helmet restricted)
rElec    .         Reflect  .   (no cloak)
rCorr    .         Harm     .   (gloves unavailable)
MR       .....                  (boots unavailable)
Stlth    ++........             (no amulet)
HPRegen  0.50/turn              (no ring)
MPRegen  0.08/turn              (no ring)

@: no status effects
A: large, unfitting armour, claws 3, fast metabolism 3, gourmand, regeneration
1, shaggy fur 1, tough skin 2
a: no special abilities


You were on level 3 of the Dungeon.
You were not hungry.

You visited 1 branch of the dungeon, and saw 3 of its levels.

You collected 82 gold pieces.

Inventory:

Hand Weapons
 d - a +0 long sword (weapon)
 f - a +0 hunting sling
Missiles
 g - 39 stones (quivered)
Armour
 a - a +0 robe (worn)
Books
 b - a book of Flames

   Spells                             Type                      Level
   a - Flame Tongue                   Conjuration/Fire             1
   b - Throw Flame                    Conjuration/Fire             2
   c - Conjure Flame                  Conjuration/Fire             3
   d - Inner Flame                    Hexes/Fire                   3
   e - Sticky Flame                   Conjuration/Fire             4
   f - Fireball                       Conjuration/Fire             5
Comestibles
 c - 3 rations


   Skills:
 + Level 1.6 Slings
 + Level 1.6 Dodging
 + Level 1.1 Stealth
 + Level 1.3 Spellcasting
 + Level 0.6 Conjurations
 + Level 2.5 Fire Magic


You had one spell level left.
You knew the following spells:

 Your Spells              Type           Power        Failure   Level  Hunger
a - Flame Tongue          Conj/Fire      #....        17%         1    ##.....
b - Throw Flame           Conj/Fire      #.....       26%         2    ###....


Dungeon Overview and Level Annotations

Branches:
Dungeon (3/15)

Altars:

Annotations:
D:3 Robin


Innate Abilities, Weirdness & Mutations

You are too large for most types of armour.
You have claws for hands.
Your metabolism is lightning-fast.
You like to eat raw meat.
Your natural rate of healing is unusually fast.
You are covered in fur. (AC +1)
You have very tough skin. (AC +2)


Message History

* * * LOW HITPOINT WARNING * * *
The goblin closely misses you.
You barely miss the hobgoblin.
The hobgoblin hits you but does no damage.
The goblin barely misses you. The hobgoblin barely misses you.
You riposte.
You slash the hobgoblin!
You kill the hobgoblin!
You hit the goblin.
The goblin is severely wounded.
The goblin misses you. The goblin completely misses you.
You riposte.
You closely miss the goblin.
The goblin is severely wounded.
You hit the goblin but do no damage.
The goblin is severely wounded.
The hobgoblin no longer looks unusually strong.
The goblin no longer looks unusually strong.
The goblin hits you.
* * * LOW HITPOINT WARNING * * *
The goblin hits you with a dagger!
You die...

#.########
....gggg@#
#.###g#g##
...g..gg#
#g###.#.#
#.#.# #
#.# #.#
..#####.##
.........#


You could see Robin, a hobgoblin and 6 goblins.

Vanquished Creatures
  2 adders (D:2)
  An ooze (D:2)
  A worm (D:2)
  A dart slug (D:2)
  A leopard gecko (D:2)
  4 bats (D:2)
  5 hobgoblins
  A frilled lizard (D:2)
  4 goblins
  A kobold (D:2)
  A rat (D:2)
22 creatures vanquished.

Notes
Turn   | Place    | Note
-------+----------+-------------------------------------------
     0 | D:1      | Iko the Troll Fire Elementalist began the quest for the Orb.
     0 | D:1      | Reached XP level 1. HP: 16/16 MP: 1/1
    91 | D:2      | Reached XP level 2. HP: 21/24 MP: 2/2
   222 | D:2      | Learned a level 2 spell: Throw Flame
   278 | D:2      | Reached skill level 1 in Slings
   321 | D:2      | Reached XP level 3. HP: 27/31 MP: 3/3
   525 | D:3      | Noticed Robin
   543 | D:3      | Slain by a goblin

Skill      XL: |  1  2 |
---------------+-------+-----
Slings         | 1 |  1.6
Dodging        | |  1.6
Stealth        | |  1.1
Spellcasting   | |  1.3
Conjurations   | |  0.6
Fire Magic     | |  2.5

Action                   || total
-------------------------++-------
Melee: Dagger            ||     1
       Long sword        ||    12
       Club              ||     4
 Fire: Hunting sling     ||   100
 Cast: Flame Tongue      ||     1
       Throw Flame       ||     2
  Use: Scroll            ||     3
  Eat: Ration            ||     1
Armor: Robe              ||    45
Dodge: Dodged            ||    72
       Rpst.: Long sword ||     5
